 Dungeon Crawl Stone Soup version 0.25-a0-356-g7c9d860b3b (webtiles) character file.

Game seed: 10004338508765154694, levelgen mode: deterministic

36539 Borgoz the Basher (level 13, -8/87 HPs)
             Began as a Gargoyle Gladiator on Jan 3, 2020.
             Was an Elder of Ashenzari.
             Killed from afar by a fire giant (41 damage)
             ... with a fireball
             ... on level 15 of the Dungeon.
             The game lasted 00:21:35 (15977 turns).

Borgoz the Basher (Gargoyle Gladiator)             Turns: 15977, Time: 00:21:36

Health: -8/87      AC: 33    Str: 24    XL:     13   Next: 90%
Magic:  13/13      EV: 14    Int:  8    God:    Ashenzari [****..]
Gold:   848        SH:  0    Dex: 11    Spells: 12/12 levels left

rFire    . . .     SeeInvis +   F - +2 morningstar (protect) (curse)
rCold    . . .     Gourm    +   (no shield)
rNeg     + + .     Faith    .   q - +2 scale mail {rN+}
rPois    ∞         Spirit   .   u - +1 hat
rElec    +         Reflect  .   d - +0 cloak of Marbles {+Blink Slay+3} (curse)
rCorr    +         Harm     .   o - +0 pair of gloves
MR       .....     Clarity  +   s - +0 pair of boots
Stlth    ..........             k - amulet of the gourmand
HPRegen  0.24/turn              h - ring of resist corrosion
MPRegen  0.13/turn              (no ring)

@: protection aura
A: negative energy resistance 1, electricity resistance, unbreathing,
petrification resistance, rot immunity, AC +9
a: Curse Item, Scrying, Renounce Religion, Evoke Blink


You were on level 15 of the Dungeon.
You worshipped Ashenzari.
Ashenzari was greatly pleased with you.
You were completely stuffed.

You visited 1 branch of the dungeon, and saw 15 of its levels.

You collected 920 gold pieces.
You spent 72 gold pieces at shops.

Inventory:

Hand Weapons
 w - a +0 dire flail
 F - a cursed +2 morningstar of protection (weapon)
 G - the +9 halberd "Tevve" {freeze, MR+ Int+2}
   (You found it on level 14 of the Dungeon)

   It has been specially enchanted to freeze those struck by it, causing extra
   injury to most foes and up to half again as much damage against particularly
   susceptible opponents.
   It can also slow down cold-blooded creatures.
   It affects your intelligence (+2).
   It affects your resistance to hostile enchantments.
Armour
 d - the cursed +0 cloak of Marbles (worn) {+Blink Slay+3}
   (You found it on level 14 of the Dungeon)

   It affects your accuracy and damage with ranged weapons and melee attacks
   (+3).
   It lets you blink.
   It has a curse placed upon it.
 o - a +0 pair of gloves (worn)
 q - a +2 scale mail of positive energy (worn)
 r - a +0 buckler
 s - a +0 pair of boots (worn)
 u - a +1 hat (worn)
Jewellery
 c - an uncursed ring of flight
 h - a ring of resist corrosion (left hand)
 k - an amulet of the gourmand (around neck)
 l - the amulet "Gaonavugg" {Inacc MR+}
   (You found it on level 9 of the Dungeon)

   [amulet of inaccuracy]

   It reduces the accuracy of all your attacks.
   It affects your resistance to hostile enchantments.
 y - an uncursed ring of ice
Wands
 t - a wand of iceblast (7)
 C - a wand of enslavement (5)
Scrolls
 a - 2 scrolls of blinking
 e - 4 scrolls of fog
 g - 2 scrolls of enchant weapon
 i - 5 scrolls of teleportation
 j - 3 scrolls of immolation {unknown}
 p - 3 scrolls of remove curse
 v - 7 scrolls of magic mapping
 x - 2 scrolls of fear
 B - 2 scrolls of enchant armour
Potions
 n - a potion of resistance
 z - 4 potions of mutation
 A - a potion of flight
 E - 13 potions of curing
Comestibles
 f - 19 rations


   Skills:
 + Level 12.6 Fighting
 + Level 14.0(17.0) Maces & Flails
 - Level 1.7 Throwing
 + Level 12.4 Armour
 + Level 7.4 Dodging
 - Level 5.0 Shields


You had 12 spell levels left.
You didn't know any spells.
Your spell library contained the following spells:

 Spells                   Type           Power        Failure   Level  Hunger
 Corona                   Hex            #......      65%         1    ##.....
 Slow                     Hex            #.......     78%         2    ###....
 Ignite Poison            Fire/Tmut/Pois #.......     95%         3    ####...
 Inner Flame              Hex/Fire       #.......     95%         3    ####...
 Portal Projectile        Hex/Tloc       #.....       95%         3    ####...
 Vampiric Draining        Necr           #.........   95%         3    ####...
 Cause Fear               Hex            #.........   100%        4    #####..
 Leda's Liquefaction      Hex/Erth       #.........   100%        4    #####..
 Petrify                  Tmut/Erth      #.......     100%        4    #####..
 Alistair's Intoxication  Tmut/Pois      #.......     100%        5    ######.
 Excruciating Wounds      Chrm/Necr      #.........   100%        5    ######.
 Irradiate                Conj/Tmut      #.........   100%        5    ######.
 Eringya's Noxious Bog    Tmut/Pois      #.........   100%        6    #######
 Discord                  Hex            #.........   100%        8    #######
 Sublimation of Blood     Necr           Unusable     N/A         2    N/A

Dungeon Overview and Level Annotations

Branches:
Dungeon (15/15) Temple (0/1) D:4 Lair (0/6) D:11 Orc (0/2) D:9 D:10 Vaults (0/5) D:13 Depths (0/5) D:15

Altars:
Ashenzari
Elyvilon
Fedhas
Makhleb
Nemelex Xobeh
Ru
Sif Muna
Trog
Vehumet

Shops:
D:9 ?   D:10 :   D:13 %

Annotations:
D:14 4 runed translucent doors


Innate Abilities, Weirdness & Mutations

You are resistant to torment.
Your stone body is resilient. (AC +9)
You are immune to poison.
You resist negative energy. (rN+)
You are resistant to electric shocks. (rElec)
You can survive without breathing.
You are immune to petrification.
You are immune to rotting.


Message History

You impale the fire giant!!
Your weapon exudes an aura of protection.
The fire giant is moderately wounded.
You hit the fire giant but do no damage.
The fire giant is moderately wounded.
The fire giant hits you with a +1 great sword of flaming!!
The fire giant burns you!
You are too injured to fight recklessly!
You are too injured to fight recklessly!
You are too injured to fight recklessly!
You feel much better.
The fire giant gestures at you while chanting.
The bolt of fire hits you!
You puncture the fire giant!
The fire giant is moderately wounded.
You bludgeon the fire giant!!
The fire giant is severely wounded.
The fire giant casts a spell at you.
The fireball explodes!
The fireball engulfs you!!!
You die...

#.#.#.)#.# #.##..# #.##.#
#.#.#..#.###.##..#.#.##.#
#.#..............#.#.##.#
#.####)#...............,
#.# #.#.###..........., ,
* #.# #.#.# #.....§§§§≈.≈
* #.# #.#.###....§§≈§§#
≈≈≈,
#.####.#.........§#§§≈≈
,,
#...........<#.@≈≈≈§...≈
≈,
######......##.§C≈≈≈... ≈
######.##..≈.≈..>. ≈
#.###§.≈.§..., #.#
#.≈≈≈≈...≈≈ ≈ , #.#
#..§#§≈≈§≈ , , #.#
#..§§§≈#§ ≈ , * * #.#
#..§§≈.≈ , ,,, #.. *,, ,,
***


You could see a fire giant.

Vanquished Creatures
  Gastronok (D:11)
  A fire dragon (D:15)
  Fannar (D:12)
  2 centaur warriors
  3 hydras
  A rakshasa (D:15)
  A death knight (D:14)
  2 dancing weapons (D:13)
  2 two-headed ogres
  3 death yaks
  4 unseen horrors
  A wizard (D:14)
  A manticore (D:9)
  6 ugly things
  2 cyclopes
  3 gargoyles
  A komodo dragon (D:12)
  2 kobold demonologists (D:14)
  4 trolls
  3 meliai (D:13)
  A hornet (D:12)
  2 dream sheep (D:14)
  4 hippogriffs
  5 slime creatures
  2 water elementals (D:15)
  A vampire (D:9)
  A shadow (D:12)
  2 wyverns
  A wraith (D:9)
  24 yaks
  A steam dragon (D:12)
  A basilisk (D:14)
  4 hungry ghosts
  3 vampire mosquitoes (D:14)
  Menkaure (D:4)
  Duvessa (D:7)
  A soldier ant (D:12)
  2 hornet zombies
  3 black bears
  4 ice beasts
  7 orc warriors
  6 sky beasts
  2 phantoms
  An eye of draining (D:13)
  4 ogres
  3 centaurs
  7 big kobolds
  Blork the orc (D:5)
  6 bullfrogs
  A gnoll sergeant (D:9)
  Dowan (D:7)
  4 scorpions
  A wyvern skeleton (D:15)
  7 killer bees
  3 wights (D:12)
  A howler monkey (D:10)
  A bullfrog zombie (D:8)
  2 crimson imps
  2 centaur zombies
  A quasit (D:6)
  7 hounds
  2 bullfrog skeletons
  3 jellies
  7 orc wizards
  5 orc priests
  3 centaur skeletons
  2 iguanas
  Natasha (thrice) (D:2)
  10 worker ants
  A hound zombie (D:11)
  A hound skeleton (D:9)
  3 gnolls (D:5)
  A worker ant zombie (D:9)
  19 adders
  4 shadow imps
  3 oozes
  3 worms
  A dart slug (D:1)
  6 leopard geckos
  51 orcs
  5 giant cockroaches
  10 goblins
  3 hobgoblins
  11 jackals
  4 quokkas
  6 bats
  3 frilled lizards
  A jackal zombie (D:6)
  16 kobolds
  6 rats
369 creatures vanquished.

Notes
Turn   | Place    | Note
-------+----------+-------------------------------------------
     0 | D:1      | Borgoz the Gargoyle Gladiator began the quest for the Orb.
     0 | D:1      | Reached XP level 1. HP: 12/12 MP: 1/1
    23 | D:1      | You fall into a shaft and drop 1 floor!
    34 | D:2      | Noticed a worker ant
    44 | D:2      | Killed a worker ant
    44 | D:2      | Reached skill level 1 in Armour
    44 | D:2      | Reached XP level 2. HP: 8/18 MP: 2/2
   181 | D:2      | Reached XP level 3. HP: 20/22 MP: 3/3
   551 | D:1      | Reached skill level 4 in Maces & Flails
   551 | D:1      | Reached XP level 4. HP: 27/27 MP: 4/4
  1018 | D:2      | Noticed Natasha
  1028 | D:2      | Killed Natasha
  1035 | D:2      | Noticed Natasha
  1043 | D:2      | Killed Natasha
  1043 | D:2      | Reached XP level 5. HP: 23/32 MP: 5/5
  1173 | D:2      | Noticed Natasha
  1177 | D:2      | Killed Natasha
  1852 | D:3      | Reached skill level 5 in Maces & Flails
  1863 | D:3      | Reached XP level 6. HP: 9/38 MP: 6/6
  2153 | D:3      | Found a faded altar of an unknown god.
  2712 | D:4      | Found a shattered altar of Ashenzari.
  2785 | D:4      | Became a worshipper of Ashenzari the Shackled
  2884 | D:4      | Reached XP level 7. HP: 38/44 MP: 7/7
  2978 | D:4      | Found a white marble altar of Elyvilon.
  2983 | D:4      | Found a burning altar of Makhleb.
  2983 | D:4      | Found a shimmering blue altar of Sif Muna.
  2984 | D:4      | Found a bloodstained altar of Trog.
  3121 | D:4      | Noticed Menkaure
  3130 | D:4      | Reached skill level 6 in Maces & Flails
  3153 | D:4      | Killed Menkaure
  3433 | D:4      | Found a staircase to the Ecumenical Temple.
  3743 | D:4      | Found a radiant altar of Vehumet.
  3787 | D:4      | Found a blossoming altar of Fedhas.
  3882 | D:5      | Entered Level 5 of the Dungeon
  4291 | D:5      | Reached skill level 5 in Fighting
  4619 | D:5      | Reached XP level 8. HP: 34/49 MP: 8/8
  4733 | D:5      | Reached skill level 7 in Maces & Flails
  4998 | D:6      | Noticed Blork the orc
  5012 | D:5      | Killed Blork the orc
  5188 | D:6      | Reached skill level 5 in Armour
  5344 | D:6      | Reached * piety under Ashenzari
  5708 | D:6      | Reached skill level 8 in Maces & Flails
  6262 | D:6      | Reached XP level 9. HP: 6/56 MP: 9/9
  6651 | D:7      | Noticed Duvessa
  6651 | D:7      | Noticed Dowan
  6666 | D:7      | Killed Duvessa
  6666 | D:7      | Reached skill level 9 in Maces & Flails
  6673 | D:7      | Killed Dowan
  7328 | D:8      | Reached ** piety under Ashenzari
  8096 | D:9      | Noticed a gargoyle
  8102 | D:9      | Reached skill level 10 in Maces & Flails
  8107 | D:9      | Killed a gargoyle
  8107 | D:9      | Reached XP level 10. HP: 64/64 MP: 10/10
  8122 | D:9      | Noticed a manticore
  8135 | D:9      | Killed a manticore
  8136 | D:9      | Noticed a green ugly thing
  8534 | D:9      | Reached skill level 11 in Maces & Flails
  8804 | D:9      | Identified the amulet "Gaonavugg" {Inacc MR+}
  9011 | D:9      | Found Hacseeso's Magic Scroll Shop.
  9020 | D:9      | Bought a scroll of identify for 24 gold pieces
  9020 | D:9      | Bought a scroll of identify for 24 gold pieces
  9020 | D:9      | Bought a scroll of identify for 24 gold pieces
  9151 | D:9      | Found a sparkling altar of Nemelex Xobeh.
  9215 | D:9      | Killed a green ugly thing
  9215 | D:9      | Reached XP level 11. HP: 62/71 MP: 11/11
  9568 | D:10     | Entered Level 10 of the Dungeon
  9568 | D:10     | Found a staircase to the Orcish Mines.
  9616 | D:10     | Reached skill level 1 in Shields
  9631 | D:10     | Reached skill level 12 in Maces & Flails
 10128 | D:10     | Found Xaatzup's Book Boutique.
 10253 | D:10     | Reached *** piety under Ashenzari
 10546 | D:11     | Noticed a death yak
 10547 | D:11     | Found a staircase to the Lair.
 10547 | D:11     | Noticed a death yak
 10547 | D:11     | Noticed a death yak
 10579 | D:10     | Killed a death yak
 10671 | D:10     | Killed a death yak
 10802 | D:11     | Killed a death yak
 11053 | D:11     | Noticed Gastronok
 11066 | D:11     | Noticed an unseen horror
 11073 | D:11     | Killed Gastronok
 11073 | D:11     | Reached skill level 10 in Fighting
 11095 | D:11     | Killed an unseen horror
 11326 | D:11     | Reached skill level 10 in Armour
 11748 | D:12     | Reached XP level 12. HP: 70/78 MP: 12/12
 11848 | D:12     | Noticed Fannar
 11853 | D:12     | Noticed a two-headed ogre
 11860 | D:12     | Killed Fannar
 11868 | D:12     | Killed a two-headed ogre
 11983 | D:12     | Reached skill level 5 in Shields
 12178 | D:12     | Reached skill level 5 in Dodging
 12441 | D:13     | Reached skill level 13 in Maces & Flails
 12651 | D:13     | Noticed a centaur warrior
 12668 | D:13     | Killed a centaur warrior
 12695 | D:13     | Reached **** piety under Ashenzari
 12979 | D:13     | Noticed a five-headed hydra
 12989 | D:13     | Killed a five-headed hydra
 13039 | D:13     | HP: 3/80 [large slime creature (2)]
 13476 | D:13     | Reached XP level 13. HP: 77/84 MP: 3/13
 13522 | D:13     | Found Veituvuh's Food Emporium.
 13723 | D:13     | Found a gate to the Vaults.
 14199 | D:14     | Found a runed translucent door.
 14398 | D:14     | Found a runed translucent door.
 14411 | D:14     | Found a runed translucent door.
 14531 | D:14     | Found a runed translucent door.
 14915 | D:14     | Got the uncursed cloak of Marbles {+Blink Slay+3}
 14921 | D:14     | Identified the +0 cloak of Marbles {+Blink Slay+3} (You
                  | found it on level 14 of the Dungeon)
 15354 | D:14     | Found a sacrificial altar of Ru.
 15427 | D:14     | Identified Jorhy's Tome of Sinister Rites and Execration
 15513 | D:14     | Identified the +9 halberd "Tevve" {freeze, MR+ Int+2}
 15647 | D:15     | Entered Level 15 of the Dungeon
 15676 | D:15     | Noticed a fire dragon
 15692 | D:15     | Killed a fire dragon
 15695 | D:15     | Reached skill level 14 in Maces & Flails
 15706 | D:15     | Noticed a rakshasa
 15873 | D:15     | Killed a rakshasa
 15969 | D:15     | Noticed a fire giant
 15970 | D:15     | Found a staircase to the Depths.
 15977 | D:15     | Killed from afar by a fire giant

Levels and vault maps discovered:
D:1:      lightli_arrival_chessboard, layout_loops_ring, minmay_fountain_box
D:2:      layout_loops_corners, first_ration, uniq_natasha
D:3:      layout_rooms, chequers_ecumenical_altar_island
D:4:      layout_basic, nicolae_overflow_hidden_temple,
          grunt_temple_overflow_open, evilmike_ruin_ashenzari, kennysheep_mini,
          minmay_temple_entry_stoned_glass, hex_large, uniq_menkaure
D:5:      layout_rooms
D:6:      layout_basic, minmay_diced_spiral, uniq_blork_the_orc
D:7:      layout_basic, minmay_misc_feat_rows, uniq_duvessa
D:8:      layout_gridville
D:9:      minmay_the_grid_octo_tiled_squarecenter [minmay_the_grid_octo_horde,
          minmay_the_grid_octo_fan_narrow, minmay_the_grid_octo_clover_2,
          minmay_the_grid_octo_tetromino_candy,
          minmay_the_grid_square_5x5_megaprize_open,
          minmay_the_grid_square_5x5_empty, minmay_the_grid_square_5x5_z,
          minmay_the_grid_square_5x5_tie, minmay_the_grid_square_5x5_lines],
          layout_basic, marbit_many_paths, serial_shops, nicolae_shop_trees
D:10:     layout_loops_corners, orc_0_dummy, serial_shops, shop
D:11:     layout_stronghold, dpeg_lair_monsters, uniq_gastronok
D:12:     layout_roguey, uniq_fannar
D:13:     layout_irregular_city, erik_vaults_1, serial_shops, shop
D:14:     layout_long_grid, lemuel_statue_altar, hangedman_ranch
          [blue_anna_fruit_fields], minmay_statue_crystal_thing
D:15:     grunt_enter_depths_giant_problem, layout_loops_ring, minivault_14

Skill      XL: |  1  2  3  4  5  6  7  8  9 10 11 12 13 |
---------------+----------------------------------------+-----
Armour         | 1 2 3 4 5 7 9 10 11 12 | 12.4
Maces & Flails | 4 5 6 8 10 11 12 13 14 | 14.0
Fighting       | 3 4 5 6 7 9 10 11 12 | 12.6
Shields        | 4 5 |  5.0
Dodging        | 4 6 7 |  7.4
Throwing       | |  1.7

Action                   |  1- 3 |  4- 6 |  7- 9 | 10-12 | 13-15 || total
-------------------------+-------+-------+-------+-------+-------++-------
Melee: Flail             |    48 |   227 |   351 |       |       ||   626
       Morningstar       |       |       |   176 |   665 |   327 ||  1168
Throw: Throwing net      |     2 |       |     2 |     2 |       ||     6
Invok: Curse Item        |       |     1 |     1 |       |     1 ||     3
Evoke: Wand              |       |       |     1 |     2 |       ||     3
  Use: Potion            |       |       |    10 |     1 |     2 ||    13
       Scroll            |       |       |     1 |    13 |     1 ||    15
 Stab: Sleeping          |     1 |       |       |       |       ||     1
       Invisible         |       |       |     1 |       |       ||     1
       Held in net/web   |       |       |       |     3 |       ||     3
  Eat: Chunk             |       |    17 |    29 |    28 |    17 ||    91
       Ration            |       |       |     1 |       |       ||     1
Armor: Leather armour    |    21 |     5 |       |       |       ||    26
       Ring mail         |       |   116 |   190 |       |       ||   306
       Skin              |       |       |    14 |    14 |       ||    28
       Plate armour      |       |       |   146 |    78 |       ||   224
       Scale mail        |       |       |       |   344 |   202 ||   546
Dodge: Dodged            |    33 |   154 |   296 |   348 |   183 ||  1014

Table legend:
 A = Non-vault XP
 B = Vault XP
 C = Vault XP percentage of total XP
 D = Non-vault monster count
 E = Vault monster count
 F = Vault count percentage of total count
                 A         B        C        D         E       F
            +---------+---------+-------+---------+---------+-------
      Total |   37450 |   14749 |  28.3 |     316 |      53 |  14.4
            +---------+---------+-------+---------+---------+-------
        D:1 |      44 |       0 |   0.0 |      22 |       0 |   0.0
        D:2 |     177 |      35 |  16.5 |      19 |       1 |   5.0
        D:3 |     237 |       0 |   0.0 |      32 |       0 |   0.0
        D:4 |     254 |     169 |  40.0 |      15 |       1 |   6.2
        D:5 |     413 |      96 |  18.9 |      15 |       1 |   6.2
        D:6 |     800 |     101 |  11.2 |      16 |       5 |  23.8
        D:7 |     752 |     238 |  24.0 |      13 |       2 |  13.3
        D:8 |     635 |      13 |   2.0 |      13 |       1 |   7.1
        D:9 |    2179 |    3902 |  64.2 |      27 |      25 |  48.1
       D:10 |    1716 |    1962 |  53.3 |      20 |       3 |  13.0
       D:11 |    1343 |    3190 |  70.4 |       7 |       3 |  30.0
       D:12 |    7030 |     991 |  12.4 |      41 |       1 |   2.4
       D:13 |    6848 |    1808 |  20.9 |      29 |       2 |   6.5
       D:14 |   10058 |    2244 |  18.2 |      34 |       8 |  19.0
       D:15 |    4964 |       0 |   0.0 |      13 |       0 |   0.0
            +---------+---------+-------+---------+---------+-------
